 Dungeon Crawl Stone Soup version 0.30.0 (webtiles) character file.

Game seed: 14831512271882624898

70 Meow the Conjurer (level 4, 36/36 HPs)
             Began as a Naga Conjurer on Dec 20, 2023.
             Quit the game on level 2 of the Dungeon.
             The game lasted 00:02:39 (1364 turns).

Meow the Conjurer (Naga Conjurer)                   Turns: 1364, Time: 00:02:39

Health: 36/36      AC:  2    Str:  9    XL:     4   Next: 21%
Magic:  4/8        EV:  9    Int: 20    God:
Gold:   57         SH:  0    Dex: 10    Spells: 6/9 levels left

rFire   . . .        a - +0 club (flame)
rCold   . . .        (no shield)
rNeg    . . .        e - +0 robe
rPois   +            (no helmet)
rElec   .            (no cloak)
rCorr   .            (no gloves)
SInv    +            (no barding)
Will    .....        (no amulet)
Stlth   ++           (no ring)
HPRegen 0.26/turn    (no ring)
MPRegen 0.11/turn

%: no passive effects
@: slowed, very slow
A: AC +1, large, see invisible, deformed body, poison resistance, slowness 2,
spit poison 1, naga tail 1
a: Spit Poison


You were on level 2 of the Dungeon.
You visited 1 branch of the dungeon, and saw 2 of its levels.

You collected 57 gold pieces.

Inventory:

Hand Weapons
 a - a +0 club of flaming (weapon)
 j - a +0 sling
Missiles
 f - 33 stones
 i - 4 poisoned darts
Armour
 e - a +0 robe (worn)
 h - a scarf of shadows
Scrolls
 g - 2 scrolls of brand weapon
 k - a scroll of fear {unknown}
 l - a scroll of fog {unknown}
 m - a scroll of identify {unknown}
 o - a scroll of enchant armour {unknown}
Potions
 b - a potion of magic
 c - a potion of lignification {unknown}
 d - 3 potions of flight {unknown}
 n - a potion of heal wounds {unknown}


   Skills:
 - Level 1.5 Dodging
 - Level 3.0 Stealth
 + Level 3.1 Spellcasting
 + Level 4.8 Conjurations


You had 6 spell levels left.
You knew the following spells:

 Your Spells              Type           Power      Damage    Failure   Level
a - Magic Dart            Conj           88%        1d7       1%          1
b - Searing Ray           Conj           44%        2d6       2%          2

Your spell library contained the following spells:

 Spells                   Type           Power      Damage    Failure   Level
 Apportation              Tloc           6%         N/A       14%         1
 Necrotise                Necr           12%        1d4       14%         1
 Summon Small Mammal      Summ           12%        N/A       14%         1
 Dazzling Flash           Conj/Hex       24%        N/A       16%         3
 Volatile Blastmotes      Fire/Tloc      6%         2d10      38%         3
 Fulminant Prism          Conj/Hex       6%         3d7       45%         4
 Iskenderun's Mystic Bla  Conj/Tloc      12%        2d5       45%         4
 Starburst                Conj/Fire      6%         6d4       100%        6


Dungeon Overview and Level Annotations

Branches:
Dungeon (2/15)

Altars:


Innate Abilities, Weirdness & Mutations

Your serpentine skin is tough. (AC +1)
You have supernaturally acute eyesight. (SInv)
Armour fits poorly on your strangely shaped body.
Your system is resistant to poisons. (rPois)
You cover ground very slowly.
You can spit poison.
You have a snake-like lower body.


Message History

You start resting.
Magic restored.
There is an open door here.
You see here an adder corpse.
There is a stone staircase leading down here.
l - a scroll labelled ONEXZOJUAMP
m - a scroll labelled VUSA IFIGE
n - an orange potion
Found a rapier and a buckler.
Found a stone staircase leading up.
f - 33 stones (gained 5)
There is a stone staircase leading up here.
o - a scroll labelled JUULOJ SEXADDO Natasha, Servant of Life and Death comes into view.
Found 9 gold pieces and a scroll labelled NUBRASK VUEGEA.
Natasha is nearby!
Aiming: Spit Poison (2% risk of failure)
Press: ? - help, Shift-Dir - straight line, f - Natasha
Aim: Natasha (asleep, 100% to hit)
The splash of poison hits Natasha.
Natasha is poisoned.
Natasha is lightly wounded.
Natasha hisses angrily.
Natasha casts a spell at you.
You feel yourself slow down.
Casting: Searing Ray (safe; 3% risk of failure)
Confirm with . or Enter, or press ? or * to list all spells.
Aiming: Searing Ray (safe; 3% risk of failure)
Press: ? - help, Shift-Dir - straight line, f/p - Natasha
Aim: Natasha (lightly wounded, poisoned, 72% to hit)
The searing ray hits Natasha!
Natasha is severely wounded. (Press . to maintain the ray.)
You have got your breath back.
The searing ray hits Natasha.
You kill Natasha!
Natasha growls in agony!
Your Spellcasting skill increases to level 3!
You have reached level 4!
You feel agile.
Are you sure you want to abandon this character and quit the game? (Confirm with "yes".)

#.#### #### #.### ...#
#.#.. #.#### #.#.#
#....# #.#.# .
#....#########.#.#.
...###....<.............
#.........#########.#.##
#.##.@..# #.#.).
#..$.#### #.#... ####†#
#.#... #.. #[#... #...
#.#... ##... ....## h..$
.#### ?#


There were no monsters in sight!

Vanquished Creatures
  Natasha (D:2)
  2 adders (D:2)
  A worm (D:1)
  3 dart slugs (D:1)
  A bat (D:1)
  An endoplasm (D:2)
  A giant cockroach (D:1)
  3 goblins
  2 quokkas (D:1)
  A frilled lizard (D:1)
  A kobold (D:2)
  2 rats (D:2)
19 creatures vanquished.

Notes
Turn   | Place    | Note
-------+----------+-------------------------------------------
     0 | D:1      | Meow the Naga Conjurer began the quest for the Orb.
     0 | D:1      | Reached XP level 1. HP: 15/15 MP: 3/3
    90 | D:1      | Reached XP level 2. HP: 22/22 MP: 1/5
    93 | D:1      | Learned a level 2 spell: Searing Ray
  1139 | D:2      | Reached XP level 3. HP: 21/28 MP: 2/7
  1359 | D:2      | Noticed Natasha
  1363 | D:2      | Killed Natasha
  1364 | D:2      | Reached XP level 4. HP: 36/36 MP: 4/8
  1364 | D:2      | Quit the game

Illustrated notes

Levels and vault maps discovered:
D:1:      dpeg_arrival_brainrot, layout_basic, minmay_stone_trees_small,
          grunt_decor_junction, minmay_misc_feat_roman, kennysheep_pointless_box
D:2:      layout_basic, ebering_ecumenical_altar_box, lightli_corner_chamber,
          uniq_natasha

Skill      XL: |  1  2  3 |
---------------+----------+-----
Spellcasting   | 3 |  3.1
Dodging        | |  1.5
Stealth        | |  3.0
Conjurations   | |  4.8

Action                     |  1- 3 |  4- 6 || total
---------------------------+-------+-------++-------
   Cast: Magic Dart        |    17 |       ||    17
         Searing Ray       |     4 |       ||     4
Ability: Spit Poison       |    15 |       ||    15
    Use: Scroll            |     1 |       ||     1
 Armour: Robe              |     1 |       ||     1
  Dodge: Dodged            |     4 |       ||     4
